 Dungeon Crawl Stone Soup version 0.21.0 (webtiles) character file.

99 AgrsvlyMoist the Cudgeler (level 4, -1/58 HPs)
             Began as a Minotaur Berserker on July 26, 2018.
             Was a Believer of Trog.
             Slain by an orc
             ... wielding a +0 whip
              (2 damage)
             ... on level 4 of the Dungeon.
             The game lasted 00:07:33 (2756 turns).

AgrsvlyMoist the Cudgeler (Minotaur Berserker)      Turns: 2756, Time: 00:07:34

Health: -1/58      AC:  6    Str: 26    XL:     4   Next: 45%
Magic:  3/3        EV:  9    Int:  4    God:    Trog [**....]
Gold:   158        SH:  9    Dex: 11    Spells: 3/3 levels left

rFire    . . .     SeeInvis .   a - +0 mace
rCold    . . .     Gourm    .   r - +0 shield
rNeg     . . .     Faith    .   n - +1 ring mail {rPois}
rPois    +         Spirit   .   (helmet restricted)
rElec    .         Reflect  .   (no cloak)
rCorr    .         Harm     .   (no gloves)
MR       .....                  (no boots)
Stlth    ..........             (no amulet)
HPRegen  0.19/turn              (no ring)
MPRegen  0.08/turn              (no ring)

@: berserking, very quick
A: retaliatory headbutt, horns 2
a: Berserk, Trog's Hand, Burn Spellbooks, Renounce Religion


You were on level 4 of the Dungeon.
You worshipped Trog.
Trog was pleased with you.
You were hungry.

You visited 1 branch of the dungeon, and saw 4 of its levels.

You collected 158 gold pieces.

Inventory:

Hand Weapons
 a - a +0 mace (weapon)
 v - a +0 great mace
Armour
 b - a +0 animal skin
 n - a +1 ring mail of poison resistance (worn)
 r - a +0 shield (worn)
Wands
 k - a wand of scattershot (4)
Scrolls
 e - a scroll of fog {unknown}
 g - 5 scrolls of identify {unknown}
 j - a scroll of remove curse {unknown}
 l - a scroll of immolation {unknown}
 o - 3 scrolls of teleportation {unknown}
 q - 2 scrolls of amnesia {unknown}
 t - a scroll of enchant weapon {unknown}
Potions
 d - 3 potions of degeneration {unknown}
 f - a potion of haste {unknown}
 h - 3 potions of flight {unknown}
 i - 2 potions of resistance {unknown}
 m - a potion of curing {unknown}
 p - a potion of heal wounds {unknown}
 s - a potion of ambrosia {unknown}
Comestibles
 c - 6 rations


   Skills:
 - Level 3.6 Fighting
 + Level 5.7 Maces & Flails
 - Level 2.4 Armour
 - Level 2.1 Dodging
 + Level 2.4 Shields


You had 3 spell levels left.
You didn't know any spells.

Dungeon Overview and Level Annotations

Branches:
Dungeon (4/15)
 Temple: D:4-7

Altars:
Ashenzari
Kikubaaqudgha
Nemelex Xobeh
Sif Muna


Innate Abilities, Weirdness & Mutations

You reflexively headbutt those who attack you in melee.
You have a pair of horns on your head.


Message History

All of the chunks of flesh in your inventory have rotted away.
You fail to use your ability.
The centaur shoots an arrow.
The arrow hits you.
* * * LOW HITPOINT WARNING * * *
A red film seems to cover your vision as you go berserk!
You feel yourself moving faster!
You feel mighty!
You are feeling hungry.
The centaur shoots an arrow.
The arrow barely misses you. You block the orc's attack.
The centaur shoots an arrow.
The arrow hits you.
* * * LOW HITPOINT WARNING * * *
You feel a strong urge to attack something.
The centaur unwields an uncursed shortbow.
The centaur hits you!
* * * LOW HITPOINT WARNING * * *
You sock the centaur! Your headbutt misses the centaur.
The centaur is moderately wounded.
You block the centaur's attack.
You hit the centaur.
The centaur is heavily wounded.
The orc hits you with a whip.
You die...

### .# .!# #.# #.# #.#
##.# #.#
########..###.##
#.........##...#####
####.####.#>.(oo>......
.......###.#.##c..####
####.#.# ##c(###@##
#.#.# ##(# #o# #.#.#
#.# #.# #..## #o. ..#
#.### .o.#### ##...#
.oo. ###....# ....#.
.......# ##....
###....# ..#. .


You could see a centaur and 3 orcs.

Vanquished Creatures
  Ijyb (D:3)
  2 adders (D:3)
  4 worms
  A dart slug (D:2)
  2 leopard geckos
  An orc (D:3)
  A giant cockroach (D:2)
  4 goblins
  9 hobgoblins
  2 ball pythons
  4 bats
  A frilled lizard (D:2)
  3 kobolds
  5 rats
40 creatures vanquished.

Notes
Turn   | Place    | Note
-------+----------+-------------------------------------------
     0 | D:1      | AgrsvlyMoist the Minotaur Berserker began the quest for the Orb.
     0 | D:1      | Reached XP level 1. HP: 19/19 MP: 0/0
   267 | D:1      | Reached skill level 4 in Maces & Flails
  1022 | D:2      | Reached XP level 2. HP: 26/26 MP: 1/1
  1332 | D:2      | Found a sparkling altar of Nemelex Xobeh.
  1404 | D:2      | Reached skill level 5 in Maces & Flails
  1605 | D:2      | Reached XP level 3. HP: 29/31 MP: 2/2
  1816 | D:3      | Found an ancient bone altar of Kikubaaqudgha.
  1899 | D:3      | Reached skill level 1 in Shields
  2063 | D:3      | Reached ** piety under Trog
  2122 | D:3      | Reached XP level 4. HP: 39/39 MP: 3/3
  2158 | D:3      | Found a shattered altar of Ashenzari.
  2291 | D:3      | Found a deep blue altar of Sif Muna.
  2506 | D:3      | Noticed Ijyb
  2514 | D:3      | Killed Ijyb
  2741 | D:4      | Noticed a centaur
  2754 | D:4      | HP: 1/58 [centaur (8)]
  2756 | D:4      | Slain by an orc

Skill      XL: |  1  2  3  4 |
---------------+-------------+-----
Maces & Flails | 4 5 |  5.7
Shields        | 1 2 |  2.4
Fighting       | |  3.6
Armour         | |  2.4
Dodging        | |  2.1

Action                   |  1- 3 |  4- 6 || total
-------------------------+-------+-------++-------
Melee: Mace              |    78 |    19 ||    97
       Headbutt          |    15 |     4 ||    19
Invok: Berserk           |       |     1 ||     1
  Eat: Chunk             |     4 |     2 ||     6
Armor: Animal skin       |     2 |       ||     2
       Ring mail         |    18 |     5 ||    23
Dodge: Dodged            |    32 |     7 ||    39
Block: Shield            |    15 |    11 ||    26
